 Dungeon Crawl Stone Soup version 0.31.0-32-g396128a36d (webtiles) character file.

Game seed: 7820855645511115686

1617 hawla the Arsonist (level 8, 0/41 HPs)
             Began as a Deep Elf Fire Elementalist on Apr 16, 2024.
             Slain by a gnoll sergeant
             ... wielding a +0 spear
              (11 damage)
             ... on level 6 of the Dungeon.
             The game lasted 00:15:22 (5626 turns).

hawla the Arsonist (Deep Elf Fire Elementalist)     Turns: 5626, Time: 00:15:23

Health: 0/41       AC:  6    Str:  5    XL:     8   Next: 64%
Magic:  0/15       EV: 13    Int: 23    God:
Gold:   237        SH:  0    Dex: 15    Spells: 6/13 levels left

rFire   . . .        h - +0 dagger
rCold   . . .        (no shield)
rNeg    . . .        a - +1 robe
rPois   .            (no helmet)
rElec   .            x - +2 cloak
rCorr   .            (no gloves)
SInv    .            (no boots)
Will    .....        (no amulet)
Stlth   ++           (no ring)
HPRegen 0.26/turn    (no ring)
MPRegen 0.14/turn

%: no passive effects
@: about to teleport
A: no striking features
a: no special abilities


You were on level 6 of the Dungeon.
You visited 1 branch of the dungeon, and saw 6 of its levels.
You also visited: Ossuary.

You collected 265 gold pieces.
You spent 28 gold pieces at shops.

Inventory:

Hand Weapons
 h - a +0 dagger (weapon)
Armour
 a - a +1 robe (worn)
 x - a +2 cloak (worn)
Magical Staves
 t - a staff of death
Wands
 e - a wand of polymorph (14)
 j - a wand of paralysis (12) (quivered)
 s - a wand of acid (4)
Scrolls
 l - 2 scrolls of amnesia
 n - a scroll of torment
 r - a scroll of vulnerability
 w - a scroll of brand weapon {unknown}
Potions
 b - a potion of resistance
 c - 3 potions of heal wounds
 d - a potion of brilliance {unknown}
 g - 3 potions of curing
 i - 2 potions of mutation {unknown}
 k - 3 potions of lignification {unknown}
 m - 2 potions of magic
 o - a potion of might {unknown}
 p - a potion of attraction {unknown}
 u - 4 potions of enlightenment {unknown}
 v - 2 potions of degeneration {unknown}


   Skills:
 - Level 2.8 Dodging
 - Level 2.8 Stealth
 - Level 3.3 Spellcasting
 + Level 1.9 Conjurations
 + Level 12.0 Fire Magic


You had 6 spell levels left.
You knew the following spells:

 Your Spells              Type           Power      Damage    Failure   Level
a - Foxfire               Conj/Fire      100%       2x1d9     1%          1
b - Scorch                Fire           100%       2d9       1%          2
c - Flame Wave            Conj/Fire      36%        2d10      6%          4

Your spell library contained the following spells:

 Spells                   Type           Power      Damage    Failure   Level
 Inner Flame              Hex/Fire       31%        N/A       2%          3
 Volatile Blastmotes      Fire/Tloc      62%        2d15      2%          3
 Apportation              Tloc           6%         N/A       11%         1
 Freeze                   Ice            12%        1d3       11%         1
 Slow                     Hex            12%        N/A       11%         1
 Jinxbite                 Hex            6%         N/A       17%         2
 Hailstorm                Conj/Ice       8%         3d5       22%         3
 Frozen Ramparts          Ice            6%         1d1       32%         3
 Summon Ice Beast         Ice/Summ       3%         N/A       32%         3
 Anguish                  Hex/Necr       1%         N/A       73%         4
 Irradiate                Conj/Alch      4%         3d13      91%         5
 Alistair's Intoxication  Alch           2%         N/A       97%         5
 Summon Mana Viper        Hex/Summ       3%         N/A       97%         5
 Yara's Violent Unravell  Hex/Alch       1%         3d3       97%         5
 Monstrous Menagerie      Summ           1%         N/A       100%        7
 Fire Storm               Conj/Fire      18%        8d5       100%        9


Dungeon Overview and Level Annotations

Branches:
Dungeon (6/15)             Temple (0/1) D:4         Ossuary (visited)

Altars:
Elyvilon
Okawaru
Trog

Shops:
D:1 (   D:4 ?


Message History

You conjure some foxfire!
The gnoll sergeant hits you from afar with a +0 spear.
The foxfire hits the gnoll sergeant but does no damage.
The gnoll sergeant is lightly wounded.
The foxfire hits the gnoll sergeant but does no damage.
The gnoll sergeant is lightly wounded.
The gnoll sergeant closely misses you.
Casting: Foxfire (safe; 1% risk of failure)
Confirm with . or Enter, or press ? or * to list all spells.
You conjure some foxfire!
The gnoll sergeant barely misses you.
Your magical contamination has completely faded away.
The foxfire hits the gnoll sergeant.
The gnoll sergeant is moderately wounded.
The foxfire hits the gnoll sergeant but does no damage.
The gnoll sergeant is moderately wounded.
The gnoll sergeant hits you from afar with a +0 spear.
Casting: Foxfire (safe; 1% risk of failure)
Confirm with . or Enter, or press ? or * to list all spells.
You conjure some foxfire!
The gnoll sergeant hits you from afar with a +0 spear.
The foxfire hits the gnoll sergeant but does no damage.
The gnoll sergeant is moderately wounded.
The foxfire hits the gnoll sergeant but does no damage.
The gnoll sergeant is moderately wounded.
The gnoll sergeant closely misses you.
Unknown command.
Okay, then.
Aiming: Corrosive Bolt
Press: ? - help, Shift-Dir - straight line, f - gnoll sergeant
Aim: a gnoll sergeant, wielding a +0 spear and wearing a +0 ring mail (moderately wounded, 79% to hit)
The bolt of acid hits the gnoll sergeant!
The gnoll sergeant is almost dead.
You hear a shout!
A centaur comes into view.
The gnoll sergeant hits you from afar with a +0 spear!
* * * LOW HITPOINT WARNING * * *
As you read the scroll of teleportation, it crumbles to dust.
You feel strangely unstable.
The gnoll sergeant hits you from afar with a +0 spear!
You die...

*<,,,,,* #######
******,* #.....#
*,* #.....# *,*
#.....# *,#
#.....# **.##
#.....# *##...#
#####.# ####.c...#
#.# #@.g.)...####
#.# #.#########.#
##.# #.# ######.#
#... #.#
##...##.###.##
#.###...........#
#........##.###.##
#####.#####.#.....
#.......#....#
#########....#


You could see a gnoll sergeant and a centaur.

Vanquished Creatures
  Jeremiah (D:6)
  Menkaure (D:6)
  An ogre (D:4)
  A centaur (D:4)
  2 phantoms
  2 scorpions
  A wight (Ossuary)
  A bombardier beetle (D:5)
  2 centaur zombies (Ossuary)
  3 hounds
  A sleepcap (D:6)
  Ijyb (D:3)
  Natasha (thrice) (D:3)
  4 iguanas (D:5)
  An orc wizard (D:3)
  4 scorpion zombies (Ossuary)
  7 gnolls
  4 adders
  A ribbon worm zombie (D:6)
  2 ufetubi (D:5)
  4 adder zombies (Ossuary)
  2 ribbon worms
  3 dart slugs
  6 orcs
  10 ball pythons
  3 endoplasms
  A giant cockroach (D:4)
  6 gnoll zombies (Ossuary)
  7 goblins
  3 hobgoblins
  7 quokkas
  5 bats
  4 frilled lizards
  3 goblin zombies (Ossuary)
  3 hobgoblin zombies
  5 kobolds
  4 orc zombies (Ossuary)
  4 rats
123 creatures vanquished.

Vanquished Creatures (collateral kills)
  3 foxfires
3 creatures vanquished.

Vanquished Creatures (others)
  361 foxfires
361 creatures vanquished.

Grand Total: 487 creatures vanquished

Notes
Turn   | Place    | Note
-------+----------+-------------------------------------------
     0 | D:1      | hawla the Deep Elf Fire Elementalist began the quest for
                  | the Orb.
     0 | D:1      | Reached XP level 1. HP: 10/10 MP: 6/6
   163 | D:1      | Found Ismame's Weapon Shoppe.
   270 | D:1      | Reached XP level 2. HP: 15/15 MP: 5/8
   632 | D:2      | Learned a level 2 spell: Scorch
   802 | D:2      | Reached XP level 3. HP: 19/19 MP: 1/9
   873 | D:2      | Found a faded altar of an unknown god.
  1149 | D:2      | Reached skill level 4 in Fire Magic
  1374 | D:3      | Reached XP level 4. HP: 8/24 MP: 1/11
  1379 | D:3      | Learned a level 4 spell: Flame Wave
  1535 | D:3      | Reached skill level 5 in Fire Magic
  1634 | D:3      | Found a white marble altar of Elyvilon.
  1738 | D:3      | Noticed Natasha
  1740 | D:3      | Killed Natasha
  1843 | D:3      | Noticed Ijyb
  1881 | D:3      | Reached XP level 5. HP: 18/28 MP: 0/12
  1992 | D:3      | Reached skill level 6 in Fire Magic
  1997 | D:3      | Killed Ijyb
  2007 | D:3      | Noticed Natasha
  2010 | D:3      | Killed Natasha
  2176 | D:3      | Noticed Natasha
  2192 | D:3      | Killed Natasha
  2249 | D:3      | Found an iron altar of Okawaru.
  2279 | D:3      | Reached skill level 7 in Fire Magic
  2279 | D:3      | Reached XP level 6. HP: 30/32 MP: 6/13
  2631 | D:4      | Reached skill level 8 in Fire Magic
  2711 | D:4      | Found Oduik's Magic Scroll Shoppe.
  2715 | D:4      | Bought a scroll of identify for 28 gold pieces
  2968 | D:4      | Found a staircase to the Ecumenical Temple.
  3050 | D:4      | Reached XP level 7. HP: 36/36 MP: 6/14
  3489 | D:4      | Found a bloodstained altar of Trog.
  3619 | D:5      | Entered Level 5 of the Dungeon
  3760 | D:5      | Reached skill level 9 in Fire Magic
  4768 | D:6      | Noticed Menkaure
  4768 | D:6      | Noticed Jeremiah
  4774 | D:6      | Killed Menkaure
  4775 | D:6      | Reached skill level 10 in Fire Magic
  4795 | D:6      | Found a sand-covered staircase.
  4833 | D:6      | Reached XP level 8. HP: 36/41 MP: 1/15
  4884 | D:6      | Killed Jeremiah
  4885 | D:6      | Reached skill level 11 in Fire Magic
  4915 | Ossuary  | Entered an ossuary
  5496 | Ossuary  | Reached skill level 12 in Fire Magic
  5500 | Ossuary  | Noticed a silent spectre
  5549 | D:6      | Identified a scroll of acquirement
  5549 | D:6      | Acquired the Book of Wild Spellbinding
  5626 | D:6      | Slain by a gnoll sergeant

Illustrated notes

Levels and vault maps discovered:
D:1:      dpeg_arrival_rhombus, layout_rooms, serial_shops,
          nicolae_shop_tiny_waterfront
D:2:      layout_basic, shapermc_ecumenical_altar_acropolis,
          nicolae_elevator_lobby_plus
D:3:      layout_rooms, mainiacjoe_overflow_concentric_impassable,
          mainiacjoe_overflow_paths, uniq_natasha, uniq_ijyb
D:4:      layout_loops_corners, lemuel_doored_altar, minmay_temple_entry_tees,
          serial_shops, nicolae_shop_back_alley_shop, serial_bayou,
          serial_bayou_lagoon_b, serial_bayou_lake_a, serial_bayou_shore_b,
          palyth_stone_intersect, serial_bayou_pond_e
D:5:      layout_gridville
D:6:      layout_loops_cross, enter_ossuary_3,
          serial_library_hellmonk_small_alcove, grunt_ministairs_12,
          uniq_menkaure, uniq_jeremiah

Skill      XL: |  1  2  3  4  5  6  7  8 |
---------------+-------------------------+-----
Fire Magic     | 4 5 7 8 10 12 | 12.0
Dodging        | |  2.8
Stealth        | |  2.8
Spellcasting   | |  3.3
Conjurations   | |  1.9

Action                     |  1- 3 |  4- 6 |  7- 9 || total
---------------------------+-------+-------+-------++-------
  Melee: Unarmed           |     4 |       |       ||     4
         Dagger            |     5 |    15 |    76 ||    96
         Punch             |       |       |     2 ||     2
   Cast: Foxfire           |    62 |    68 |    74 ||   204
         Scorch            |    12 |    16 |    28 ||    56
         Flame Wave        |       |       |     4 ||     4
  Evoke: Wand              |       |       |     5 ||     5
    Use: Scroll            |     5 |     2 |     9 ||    16
         Potion            |     1 |     2 |     3 ||     6
 Armour: Robe              |    19 |    23 |    97 ||   139
  Dodge: Dodged            |    18 |    25 |   111 ||   154
